 Dungeon Crawl Stone Soup version 0.20-a0-386-g2d247ea (webtiles) character file.

1215 Kidiri the Thaumaturge (level 8, -7/43 HPs)
             Began as a Deep Elf Fire Elementalist on Dec 29, 2016.
             Mangled by a gnoll
             ... wielding a +0 halberd
              (13 damage)
             ... on level 5 of the Dungeon.
             The game lasted 00:22:06 (5818 turns).

Kidiri the Thaumaturge (Deep Elf Fire Elementalist) Turns: 5818, Time: 00:22:09

Health: -7/43      AC:  3    Str: 10    XL:     8   Next: 22%
Magic:  20/22      EV:  7    Int: 23    God:
Gold:   134        SH:  0    Dex: 19    Spells: 5/23 levels left

rFire  . . .     SeeInvis .     w - +2 dagger of Negy {protect, *Corrode +Fly rElec rPois}
rCold  . . .     Gourm    .     a - +0 robe
rNeg   . . .     Faith    +     (no shield)
rPois  +         Spirit   .     (no helmet)
rElec  +         Reflect  .     (no cloak)
rCorr  .         Harm     .     m - +0 pair of gloves
MR     .....                    (no boots)
Stlth  ++........               k - amulet of faith
                                g - +4 ring of dexterity
                                h - +5 ring of strength

@: about to teleport, held
A: no striking features
a: Evoke Flight


You were on level 5 of the Dungeon.
You were not hungry.

You visited 1 branch of the dungeon, and saw 5 of its levels.

You collected 134 gold pieces.

Inventory:

Hand Weapons
 j - a +5 dagger of venom
 w - the +2 dagger of Negy (weapon) {protect, *Corrode +Fly rElec rPois}
   (You found it on level 4 of the Dungeon)

   It protects the one who uses it against injury (+AC on strike).
   It insulates you from electricity.
   It protects you from poison.
   It lets you fly.
   It may corrode you when you take damage.
Armour
 a - a +0 robe (worn)
 e - a +2 shield
 m - a +0 pair of gloves (worn)
Jewellery
 g - a +4 ring of dexterity (right hand)
 h - a +5 ring of strength (left hand)
 k - an amulet of faith (around neck)
Wands
 s - a wand of random effects (29/48)
Scrolls
 p - 2 scrolls of teleportation
 q - a scroll of recharging
 u - a scroll of remove curse
Potions
 d - a potion of lignification {unknown}
 f - 2 potions of brilliance
 i - a potion of might
 n - 2 potions of cancellation {unknown}
 o - a potion of ambrosia
 r - a potion of resistance {unknown}
 v - a potion of haste
Books
 b - a book of Flames

   Spells                             Type                      Level
   a - Flame Tongue                   Conjuration/Fire             1
   b - Throw Flame                    Conjuration/Fire             2
   c - Conjure Flame                  Conjuration/Fire             3
   d - Inner Flame                    Hexes/Fire                   3
   e - Sticky Flame                   Conjuration/Fire             4
   f - Fireball                       Conjuration/Fire             5
Comestibles
 c - 3 bread rations
 l - 3 fruits


   Skills:
 + Level 1.3 Fighting
 + Level 2.0 Short Blades
 + Level 1.7 Armour
 + Level 3.4 Dodging
 - Level 2.4 Stealth
 + Level 1.5 Shields
 * Level 8.3 Spellcasting
 + Level 4.5 Conjurations
 + Level 5.6 Fire Magic
 + Level 0.4 Evocations


You had 5 spell levels left.
You knew the following spells:

 Your Spells              Type           Power        Failure   Level  Hunger
a - Flame Tongue          Conj/Fire      ####.        1%          1    None
b - Throw Flame           Conj/Fire      ####..       1%          2    None
c - Conjure Flame         Conj/Fire      ####....     2%          3    None
d - Inner Flame           Hex/Fire       ###.....     10%         3    None
e - Sticky Flame          Conj/Fire      ####....     10%         4    ##.....
f - Fireball              Conj/Fire      ####......   24%         5    #####..


Dungeon Overview and Level Annotations

Branches:
Dungeon (5/15)
 Temple: D:4-7

Altars:
Ashenzari
Qazlal
Ru
Trog
Yredelemnul
Zin


Message History

Something unseen opens the large door.
The gnoll hits you with a club.
Unknown command.
You struggle against the net.
The gnoll closely misses you. The gnoll barely misses you.
The gnoll hits you from afar with a halberd!
* * * LOW HITPOINT WARNING * * *
The gnoll moves out of view.
The gnoll hits you with a club.
* * * LOW HITPOINT WARNING * * *
A gnoll comes into view. It is wielding a flail.
Okay, then.
Unknown command.
Okay, then.
Unknown command.
As you read the scroll of teleportation, it crumbles to dust.
You feel strangely unstable.
The gnoll hits you from afar with a spear.
* * * LOW HITPOINT WARNING * * *
The gnoll barely misses you.
The gnoll hits you from afar with a halberd!
You die...

................
≈≈≈≈≈)...≈≈≈≈≈≈≈
≈≈≈≈≈....≈≈≈≈≈≈≈
≈≈≈≈≈....≈≈≈≈≈≈≈
................
#####''''######
#....#######
+....'.....+
#..g@#######
##g§##


.gggg ...gggg ...gggg .....g. #####'' +.. You could see 15 gnolls.

Vanquished Creatures
  The ghost of Nattefrost the Slasher, an amateur DsBe of Trog (D:3)
  2 ogres
  A phantom (D:4)
  A centaur (D:5)
  A scorpion (D:4)
  5 wights (D:3)
  2 hounds
  A bullfrog skeleton (D:4)
  An iguana (D:4)
  An orc wizard (D:4)
  Ijyb (D:3)
  3 worker ants
  A hound skeleton (D:5)
  6 gnolls
  9 adders
  A river rat (D:3)
  3 oozes
  3 worms
  3 dart slugs
  2 leopard geckos (D:1)
  6 orcs
  13 bats
  7 giant cockroaches
  5 goblins
  5 hobgoblins
  8 jackals
  7 kobolds
  2 quokkas (D:3)
  A ball python (D:3)
  4 frilled lizards
  A quokka skeleton (D:4)
  11 rats
118 creatures vanquished.

Notes
Turn   | Place    | Note
-------+----------+-------------------------------------------
     0 | D:1      | Kidiri the Deep Elf Fire Elementalist began the quest for the Orb.
     0 | D:1      | Reached XP level 1. HP: 10/10 MP: 6/6
   174 | D:1      | Reached XP level 2. HP: 15/15 MP: 2/8
   178 | D:1      | Learned a level 2 spell: Throw Flame
   578 | D:1      | Reached XP level 3. HP: 18/19 MP: 6/10
   586 | D:1      | Learned a level 3 spell: Conjure Flame
   590 | D:1      | Learned a level 3 spell: Inner Flame
  1142 | D:2      | Reached skill level 4 in Spellcasting
  1505 | D:2      | Found a shattered altar of Ashenzari.
  1574 | D:2      | Found a glowing silver altar of Zin.
  1762 | D:3      | Reached XP level 4. HP: 24/24 MP: 10/12
  2181 | D:3      | Noticed Nattefrost's ghost (amateur DsBe)
  2188 | D:3      | Killed Nattefrost's ghost
  2188 | D:3      | Reached skill level 5 in Spellcasting
  2188 | D:3      | Reached XP level 5. HP: 28/28 MP: 0/15
  2317 | D:3      | Learned a level 4 spell: Sticky Flame
  2418 | D:3      | Reached skill level 6 in Spellcasting
  2418 | D:3      | Reached XP level 6. HP: 29/32 MP: 10/17
  2423 | D:3      | Reached skill level 5 in Fire Magic
  2708 | D:3      | Learned a level 5 spell: Fireball
  2754 | D:3      | Noticed Ijyb
  2763 | D:3      | Killed Ijyb
  2822 | D:3      | Reached skill level 7 in Spellcasting
  2960 | D:3      | Reached XP level 7. HP: 36/36 MP: 9/19
  3725 | D:4      | Reached skill level 1 in Shields
  3761 | D:4      | HP: 1/36 [poisoned by a scorpion]
  4124 | D:4      | Reached skill level 1 in Armour
  4345 | D:4      | Found a bloodstained altar of Trog.
  4409 | D:4      | Found a sacrificial altar of Ru.
  4500 | D:4      | Reached skill level 1 in Fighting
  4500 | D:4      | Reached skill level 1 in Short Blades
  4500 | D:4      | Reached skill level 8 in Spellcasting
  5003 | D:4      | Reached XP level 8. HP: 37/43 MP: 11/22
  5062 | D:4      | Got a scorched dagger
  5063 | D:4      | Identified the cursed +2 dagger of Negy {protect, *Corrode +Fly rElec rPois} (You found it on level 4 of the Dungeon)
  5413 | D:5      | Entered Level 5 of the Dungeon
  5606 | D:5      | Found a stormy altar of Qazlal.
  5691 | D:5      | Found a basalt altar of Yredelemnul.
  5818 | D:5      | Mangled by a gnoll

Vault maps used:
D:1:      grunt_arrival_crossed_arrows
D:2:      zin_scriptorium, lemuel_crystal_altar
D:3:      portal_sewer_entry_e, serial_bayou_pond_b, uniq_iyjb
D:4:      lemuel_round_altar, nicolae_ru_sacrificial_ziggurat
D:5:      lemuel_castle_with_subvaults, lemuel_doored_altar, first_bread,
          basic_altar

Skill      XL: |  1  2  3  4  5  6  7  8 |
---------------+-------------------------+-----
Conjurations   | 2 3 4 |  4.5
Spellcasting   | 4 5 6 7 8 |  8.3
Fire Magic     | 4 5 |  5.6
Shields        | 1 |  1.5
Armour         | 1 |  1.7
Fighting       | 1 |  1.3
Short Blades   | 1 2 |  2.0
Dodging        | 3 |  3.4
Stealth        | |  2.4
Evocations     | |  0.4

Action                   |  1- 3 |  4- 6 |  7- 9 || total
-------------------------+-------+-------+-------++-------
Melee: Unarmed           |     2 |       |       ||     2
       Dagger            |     4 |    16 |    51 ||    71
 Cast: Flame Tongue      |    66 |    59 |    42 ||   167
       Conjure Flame     |       |     3 |     1 ||     4
       Inner Flame       |       |     1 |       ||     1
       Sticky Flame      |       |     4 |    10 ||    14
       Throw Flame       |       |     3 |    15 ||    18
  Use: Scroll            |     7 |     3 |     4 ||    14
       Potion            |       |     1 |       ||     1
 Stab: Sleeping          |     2 |       |     6 ||     8
  Eat: Chunk             |     2 |     4 |     5 ||    11
       Meat ration       |       |       |     1 ||     1
Armor: Robe              |     3 |     3 |    24 ||    30
Dodge: Dodged            |    14 |    32 |    46 ||    92
